 Dungeon Crawl Stone Soup version 0.21.1-1-g345015f (webtiles) character file.

11 tidbits the Grave Robber (level 2, 14/20 HPs)
             Began as a Gnoll Necromancer on June 29, 2018.
             Quit the game on level 3 of the Dungeon.
             The game lasted 00:01:23 (126 turns).

tidbits the Grave Robber (Gnoll Necromancer)         Turns: 126, Time: 00:01:24

Health: 14/20      AC:  2    Str: 10    XL:     2   Next: 29%
Magic:  7/7        EV: 14    Int: 17    God:
Gold:   0          SH:  0    Dex: 15    Spells: 8/10 levels left

rFire    . . .     SeeInvis .   (no weapon)
rCold    . . .     Gourm    .   (no shield)
rNeg     . . .     Faith    .   a - +0 robe
rPois    .         Spirit   .   (no helmet)
rElec    .         Reflect  .   (no cloak)
rCorr    +         Harm     .   (no gloves)
MR       .....                  (no boots)
Stlth    +++.......             (no amulet)
HPRegen  0.06/turn              d - ring of resist corrosion
MPRegen  0.10/turn              (no ring)

@: no status effects
A: distributed training, fangs 1, strong nose
a: no special abilities


You were on level 3 of the Dungeon.
You were not hungry.

You visited 1 branch of the dungeon, and saw 3 of its levels.

Inventory:

Armour
 a - a +0 robe (worn)
Jewellery
 d - a ring of resist corrosion (left hand)
   (You found it on level 1 of the Dungeon)
Scrolls
 e - a scroll of teleportation {unknown}
 f - 2 scrolls of identify {unknown}
 g - a scroll of magic mapping {unknown}
 h - a scroll of enchant armour {unknown}
Books
 b - a book of Necromancy

   Spells                             Type                      Level
   a - Pain                           Necromancy                   1
   b - Animate Skeleton               Necromancy                   1
   c - Vampiric Draining              Necromancy                   3
   d - Regeneration                   Charms/Necromancy            3
   e - Animate Dead                   Necromancy                   4
   f - Borgnjor's Vile Clutch         Necromancy/Earth             5
Comestibles
 c - 2 rations


   Skills:
 + Level 0.3 Fighting
 + Level 0.3 Short Blades
 + Level 0.3 Long Blades
 + Level 0.3 Axes
 + Level 0.3 Maces & Flails
 + Level 0.3 Polearms
 + Level 0.3 Staves
 + Level 0.3 Slings
 + Level 0.3 Bows
 + Level 0.3 Crossbows
 + Level 0.3 Throwing
 + Level 0.3 Armour
 + Level 4.4 Dodging
 + Level 4.0 Stealth
 + Level 0.3 Shields
 + Level 0.3 Unarmed Combat
 + Level 4.9 Spellcasting
 + Level 0.2 Conjurations
 + Level 0.2 Hexes
 + Level 0.2 Charms
 + Level 0.2 Summonings
 + Level 7.0 Necromancy
 + Level 0.2 Translocations
 + Level 0.2 Transmutations
 + Level 0.2 Fire Magic
 + Level 0.2 Ice Magic
 + Level 0.2 Air Magic
 + Level 0.2 Earth Magic
 + Level 0.2 Poison Magic
 + Level 0.4 Invocations
 + Level 0.3 Evocations


You had 8 spell levels left.
You knew the following spells:

 Your Spells              Type           Power        Failure   Level  Hunger
a - Pain                  Necr           ####         1%          1    None
n - Animate Skeleton      Necr           N/A          1%          1    None


Dungeon Overview and Level Annotations

Branches:
Dungeon (3/15)

Altars:


Innate Abilities, Weirdness & Mutations

Your experience applies equally to all skills.
You have very sharp teeth.
Your uncanny sense of smell can sniff out nearby items.


Message History

f - a scroll labeled WOHAFON GUECH
Found an escape hatch in the floor.
Found a scroll labeled WOHAFON GUECH.
Found a scroll labeled GIECACVOOS.
Found a stone staircase leading down.
You open the door.
An adder and a kobold come into view.
Casting: Pain
Confirm with . or Enter, or press ? or * to list all spells.
Aiming: Pain
Press: ? - help, Shift-Dir - straight line, f - kobold
Aim: a kobold, wielding an enchanted whip (resting, chance to defeat MR: 93%)
Okay, then.
Casting: Pain
Confirm with . or Enter, or press ? or * to list all spells.
Aiming: Pain
Press: ? - help, Shift-Dir - straight line, f - kobold
Aim: a kobold, wielding an enchanted whip (resting, chance to defeat MR: 93%)
The kobold shouts!
The kobold writhes in agony!
The adder hisses angrily.
Casting: Pain
Confirm with . or Enter, or press ? or * to list all spells.
Aiming: Pain
Press: ? - help, Shift-Dir - straight line, f/p - kobold
Aim: a kobold, wielding an enchanted whip (severely wounded, chance to defeat MR: 93%)
The kobold writhes in agony!
You kill the kobold!
Casting: Pain
Confirm with . or Enter, or press ? or * to list all spells.
Aiming: Pain
Press: ? - help, Shift-Dir - straight line, f - adder
Aim: an adder (chance to defeat MR: 89%)
The adder writhes in agony!
The adder misses you.
Casting: Pain
Confirm with . or Enter, or press ? or * to list all spells.
Aiming: Pain
Press: ? - help, Shift-Dir - straight line, f/p - adder
Aim: an adder (heavily wounded, chance to defeat MR: 89%)
The adder writhes in agony!
The adder bites you but does no damage. The adder bites you.
* * * LOW HITPOINT WARNING * * *
Casting: Pain
Confirm with . or Enter, or press ? or * to list all spells.
Aiming: Pain
Press: ? - help, Shift-Dir - straight line, f/p - adder
Aim: an adder (severely wounded, chance to defeat MR: 89%)
The adder writhes in agony!
You kill the adder!
You have reached level 2!
Memorise Animate Skeleton, consuming 1 spell level and leaving 8?
You start memorising the spell.
You continue memorising.
You finish memorising.
Spell assigned to 'n'.
There is an open door here.
You see here an adder corpse.
Casting: Pain
Confirm with . or Enter, or press ? or * to list all spells.
You attempt to give life to the dead...
Before your eyes, flesh is ripped from the corpse!
The dead are slithering!
There is an open door here.
You see here 2 chunks of flesh.
Found 14 gold pieces.
You see here a scroll labeled GIECACVOOS.
g - a scroll labeled GIECACVOOS You see here a scroll labeled WOHAFON GUECH.
f - 2 scrolls labeled WOHAFON GUECH (gained 1) Unknown command.
There is an escape hatch in the floor here.
There is a stone staircase leading down here.
You climb downwards.
Your mindless thrall stays behind.
There is a stone staircase leading up here.
Unknown command.
Found a ration.
Found a stone staircase leading up.
You see here a ration.
c - 2 rations (gained 1)
There is a stone staircase leading up here.
You climb upwards.
There is a stone staircase leading down here.
Unknown command.
Found 6 gold pieces.
There is a stone staircase leading down here.
You climb downwards.
There is a stone staircase leading up here.
Unknown command.
Found a robe.
You open the door.
Found a scroll labeled YLEAFA AQIMUS and 8 gold pieces.
Unknown command.
There is an open door here.
You see here a scroll labeled YLEAFA AQIMUS.
h - a scroll labeled YLEAFA AQIMUS A bat comes into view.
A gnoll comes into view.
Unknown command. 2 jackals come into view.
The jackal barks!
The gnoll shouts!
A gnoll comes into view. It is wielding a spear.
Are you sure you want to abandon this character and quit the game? (Confirm with "yes".)

###.# #. ..#.#
#h#####.#.# ##
#h#.......# ...
#.#.#.....# ....
#.#.#.....#
.....#.........###
...........#....$#
#.....@...#.....#
#.......#.#.....#
#.......#.#.#'###
#.....#b#.#.#.###.#
#.................#
#g......#.#.#.###.#
g..#.#...#.#.#...
######.#...#.#.#.#.#
#<# #.#...#.#.#.....


You could see 2 gnolls, 2 jackals and a bat.

Vanquished Creatures
  An adder (D:2)
  A hobgoblin (D:1)
  A kobold (D:2)
3 creatures vanquished.

Notes
Turn   | Place    | Note
-------+----------+-------------------------------------------
     0 | D:1      | tidbits the Gnoll Necromancer began the quest for the Orb.
     0 | D:1      | Reached XP level 1. HP: 13/13 MP: 6/6
    49 | D:2      | Reached XP level 2. HP: 10/20 MP: 1/7
    52 | D:2      | Learned a level 1 spell: Animate Skeleton
   126 | D:3      | Quit the game

Action                   || total
-------------------------++-------
 Cast: Pain              ||     7
       Animate Skeleton  ||     1
Armor: Robe              ||     1
Dodge: Dodged            ||     1

Table legend:
 A = Turns spent in this place as a percentage of turns spent in the entire game.
 B = Non-inter-level travel turns spent in this place as a percentage of non-inter-level travel turns spent in the entire game.
 C = Inter-level travel turns spent in this place as a percentage of turns spent in this place.
 D = Turns resting spent in this place as a percentage of non-inter-level travel turns spent in this place.
 E = Turns spent auto-exploring this place as a percentage of non-inter-level travel turns spent in this place.
 F = Non-inter-level travel turns spent in this place divided by the number of levels of this place that you've seen.
                   A       B       C       D       E      F
               +-------+-------+-------+-------+-------+----------------------
         Total | 100.0 | 100.0 |   0.0 |   0.0 |   0.0 |  42.0
       Dungeon | 100.0 | 100.0 |   0.0 |   0.0 |   0.0 |  42.0
               +-------+-------+-------+-------+-------+----------------------

Table legend:
 A = Kills in this place as a percentage of kills in entire the game.
 B = Kills by you in this place as a percentage of kills by you in the entire game.
 C = Kills by friends in this place as a percentage of kills by friends in the entire game.
 D = Other kills in this place as a percentage of other kills in the entire game.
 E = Experience gained in this place as a percentage of experience gained in the entire game.
 F = Experience gained in this place divided by the number of levels of this place that you have seen.
                   A       B       C       D       E      F
               +-------+-------+-------+-------+-------+----------------------
         Total | 100.0 | 100.0 |   N/A |   N/A | 100.0 |   5.7
       Dungeon | 100.0 | 100.0 |   N/A |   N/A | 100.0 |   5.7
               +-------+-------+-------+-------+-------+----------------------

Vault maps used:
D:1:      scummos_arrival_star
D:2:      kennysheep_generic_room_14, uniq_natasha, uniq_crazy_yiuf_cottage
D:3:      kennysheep_generic_room_3
